 Dungeon Crawl Stone Soup version 0.28-a0-1629-gf728b707aa (webtiles) character file.

Game seed: 17762641936692371356

337 Minsecho the Chopper (level 6, -3/52 (53) HPs)
             Began as a Hill Orc Fighter on Jan 25, 2022.
             Slain by a necrophage (4 damage)
             ... while paralysed by Grinder
             ... on level 4 of the Dungeon.
             The game lasted 00:06:14 (2817 turns).

Minsecho the Chopper (Hill Orc Fighter)             Turns: 2817, Time: 00:06:14

HP:   -3/52 (53)    AC: 11    Str: 19    XL:     6   Next: 54%
MP:   6/6           EV:  2    Int:  8    God:
Gold: 105           SH:  0    Dex: 18    Spells: 5/5 levels left

rFire   . . .      SeeInvis .   a - +0 war axe
rCold   . . .      Faith    .   c - +0 buckler
rNeg    . . .      Spirit   .   b - +0 scale mail
rPois   .          Reflect  .   (no helmet)
rElec   .          Harm     .   (no cloak)
rCorr   .          Rampage  .   (no gloves)
Will    .....                   (no boots)
Stlth   ..........              g - amulet of the acrobat
HPRegen 0.17/turn               l - +6 ring of dexterity
MPRegen 0.10/turn               m - +4 ring of protection

@: paralysed, lightly drained
A: no striking features
a: no special abilities


You were on level 4 of the Dungeon.
You visited 1 branch of the dungeon, and saw 4 of its levels.

You collected 133 gold pieces.
You spent 28 gold pieces at shops.

Inventory:

Hand Weapons
 a - a +0 war axe (weapon)
 n - a +1 dire flail of venom
Armour
 b - a +0 scale mail (worn)
 c - a +0 buckler (worn)
 o - a +0 plate armour
Jewellery
 g - an amulet of the acrobat (around neck)
 l - a +6 ring of dexterity (left hand)
 m - a +4 ring of protection (right hand)
Scrolls
 f - a scroll of fog
Potions
 d - a potion of might
 e - a potion of lignification {unknown}
 h - a potion of heal wounds {unknown}
 j - a potion of curing
 k - a potion of brilliance


   Skills:
 + Level 4.5 Fighting
 + Level 6.6 Axes
 + Level 4.7 Armour
 + Level 0.5 Dodging
 + Level 0.3 Stealth
 + Level 3.7 Shields


You had 5 spell levels left.
You didn't know any spells.
Your spell library was empty.

Dungeon Overview and Level Annotations

Branches:
Dungeon (4/15)
 Temple: D:4-7

Altars:

Shops:
D:3 *

Annotations:
D:3 1 runed translucent door, grumblor's ghost, amateur DjFi
D:4 Edmund; Grinder; Ijyb


Message History

The necrophage hits you.
Edmund hits you with a +0 flail of protection.
Grinder blinks!
You can move again.
You block the necrophage's attack.
Edmund hits you with a +0 flail of protection.
Edmund barely misses you. The necrophage misses you. You block Edmund's attack.
You block the necrophage's attack.
You open the door. Edmund barely misses you.
The necrophage hits you but does no damage.
There is an open door here.
You open the door.
A dart slug comes into view.
Edmund hits you with a +0 flail of protection.
The dart slug launches a dart at you. You block the slug dart.
There is an open door here.
You block the dart slug's attack. Edmund barely misses you.
The dart slug bites you but does no damage.
Found a stone staircase leading up.
Grinder gestures at you.
You suddenly lose the ability to move!
The dart slug launches a dart at you. The slug dart hits you.
Edmund hits you but does no damage. Grinder gestures at you.
Pain shoots through your body!
Edmund hits you with a +0 flail of protection.
Grinder says, "You look like you could use a good racking."
Edmund hits you with a +0 flail of protection!
* * * LOW HITPOINT WARNING * * *
The necrophage hits you but does no damage.
The dart slug launches a dart at you. The slug dart hits you.
* * * LOW HITPOINT WARNING * * *
Edmund hits you with a +0 flail of protection!
* * * LOW HITPOINT WARNING * * *
The necrophage hits you.
You die...

#...# #...........
#...##### #............
##...#...###............
.....'...'.'............
##...#...###............
#...#...# #............
#...#...# #............
#...#...# #...@w.......
#...#...# #...n@...###
#...#...# #..5.....#
#####.........##...+
#.....?...# ...#
#.........# ...<.
########### ...### #...
####


You could see Edmund, Grinder, a necrophage and a dart slug.

Vanquished Creatures
  An orc warrior (D:3)
  A centaur (D:4)
  A jelly (D:3)
  An orc priest (D:3)
  A hound skeleton (D:4)
  3 adders
  A worm (D:2)
  A dart slug (D:2)
  4 orcs (D:3)
  5 endoplasms
  A giant cockroach (D:1)
  9 goblins
  10 hobgoblins
  2 jackals (D:4)
  7 kobolds
  4 quokkas
  A ball python (D:2)
  3 bats
  3 rats
59 creatures vanquished.

Notes
Turn   | Place    | Note
-------+----------+-------------------------------------------
     0 | D:1      | Minsecho the Hill Orc Fighter began the quest for the Orb.
     0 | D:1      | Reached XP level 1. HP: 19/19 MP: 1/1
   335 | D:1      | Reached XP level 2. HP: 27/27 MP: 2/2
   507 | D:1      | Reached skill level 3 in Axes
   723 | D:1      | Found a faded altar of an unknown god.
  1113 | D:2      | Reached XP level 3. HP: 27/33 MP: 3/3
  1757 | D:3      | Found Suanewn's General Store.
  1764 | D:3      | Bought a scroll of identify for 28 gold pieces
  1819 | D:3      | Found a runed translucent door.
  1821 | D:3      | Noticed grumblor's ghost (amateur DjFi)
  1879 | D:3      | Reached XP level 4. HP: 38/40 MP: 4/4
  1916 | D:3      | Reached skill level 4 in Axes
  2012 | D:3      | Noticed an orc warrior
  2015 | D:3      | Reached skill level 5 in Axes
  2015 | D:3      | Reached XP level 5. HP: 44/46 MP: 5/5
  2028 | D:3      | Killed an orc warrior
  2029 | D:3      | Reached skill level 6 in Axes
  2029 | D:3      | Reached XP level 6. HP: 34/52 MP: 6/6
  2576 | D:4      | Noticed Ijyb
  2582 | D:4      | Noticed a necrophage
  2776 | D:4      | Noticed Edmund
  2795 | D:4      | Noticed Grinder
  2795 | D:4      | Paralysed by Grinder for 4 turns
  2813 | D:4      | Paralysed by Grinder for 5 turns
  2817 | D:4      | HP: 1/52 [Edmund (7)]
  2817 | D:4      | Slain by a necrophage

Illustrated notes

Levels and vault maps discovered:
D:1:      heliophobic_arrival_battle_scene, layout_loops_corners,
          dreamdust_ecumenical_altar_grove, supply_closet_lemuel
D:2:      layout_basic, corner_web_ring
D:3:      layout_rooms, serial_shops, shop, ebering_ghost_sewer_d
D:4:      layout_basic, minmay_temple_entry_butterflies, grunt_ministairs_9,
          kennysheep_generic_room_16, uniq_ijyb, uniq_edmund, uniq_robin,
          uniq_grinder

Skill      XL: |  1  2  3  4  5 |
---------------+----------------+-----
Axes           | 3 5 6 |  6.6
Armour         | 4 |  4.7
Fighting       | 4 |  4.5
Dodging        | |  0.5
Stealth        | |  0.3
Shields        | |  3.7

Action                   |  1- 3 |  4- 6 || total
-------------------------+-------+-------++-------
Melee: War axe           |    92 |    74 ||   166
  Use: Scroll            |     3 |     1 ||     4
       Potion            |       |     2 ||     2
Armor: Scale mail        |    55 |    37 ||    92
Dodge: Dodged            |    49 |    43 ||    92
Block: Buckler           |    26 |    26 ||    52

Table legend: (Time is in decaauts)
 A = Elapsed time spent in this place.
 B = Non-inter-level travel time spent in this place.
 C = Inter-level travel time spent in this place.
 D = Time resting spent in this place.
 E = Time spent auto-exploring this place.
 F = Levels seen in this place.
 G = Mean time per level.
                   A        B        C        D        E       F      G
               +--------+--------+--------+--------+--------+-----+--------+
         Total |   2870 |   2790 |     80 |    333 |   1930 |   4 |  717.5 |
       Dungeon |   2870 |   2790 |     80 |    333 |   1930 |   4 |  717.5 |
               +--------+--------+--------+--------+--------+-----+--------+

Top non-repeatable levels by time:
     D:1: 995 daAuts
     D:2: 743 daAuts
     D:3: 712 daAuts
     D:4: 418 daAuts
